 Dungeon Crawl Stone Soup version 0.21.1-1-g345015f (webtiles) character file.

7393 nicolaieve the Severer (level 10, -14/81 HPs)
             Began as a Minotaur Berserker on June 13, 2018.
             Was a High Priest of Trog.
             Demolished by a red ugly thing (22 damage)
             ... on level 10 of the Dungeon.
             The game lasted 00:29:33 (6552 turns).

nicolaieve the Severer (Minotaur Berserker)         Turns: 6552, Time: 00:29:33

Health: -14/81     AC: 14    Str: 22    XL:     10   Next: 92%
Magic:  9/9        EV:  9    Int:  4    God:    Trog [*****.]
Gold:   480        SH:  0    Dex: 13    Spells: 9/9 levels left

rFire    . . .     SeeInvis .   o - +0 war axe
rCold    . . .     Gourm    +   (no shield)
rNeg     . . .     Faith    .   k - +0 chain mail
rPois    +         Spirit   .   (helmet restricted)
rElec    .         Reflect  .   F - +1 cloak
rCorr    +         Harm     .   (no gloves)
MR       .....                  (no boots)
Stlth    ..........             H - amulet of the gourmand
HPRegen  0.23/turn              s - ring of resist corrosion
MPRegen  0.11/turn              D - ring of poison resistance

@: berserk cooldown, slowed, very slow
A: retaliatory headbutt, horns 2
a: Berserk, Trog's Hand, Brothers in Arms, Burn Spellbooks, Renounce Religion


You were on level 10 of the Dungeon.
You worshipped Trog.
Trog was extremely pleased with you.
You were completely stuffed.

You visited 1 branch of the dungeon, and saw 10 of its levels.

You collected 480 gold pieces.

Inventory:

Hand Weapons
 o - a +0 war axe (weapon)
Armour
 k - a +0 chain mail (worn)
 F - a +1 cloak (worn)
Jewellery
 s - a ring of resist corrosion (left hand)
 w - an uncursed ring of ice
 C - an uncursed ring of fire
 D - a ring of poison resistance (right hand)
 G - a cursed ring of loudness {unknown}
 H - an amulet of the gourmand (around neck)
Wands
 y - a wand of scattershot (7)
 z - a wand of random effects (27)
 K - a wand of clouds (3)
Scrolls
 a - 2 scrolls of enchant weapon {unknown}
 e - 5 scrolls of remove curse
 l - a scroll of fear {unknown}
 n - 4 scrolls of teleportation {unknown}
 p - 2 scrolls of amnesia {unknown}
 q - 4 scrolls of blinking {unknown}
 t - a scroll of immolation {unknown}
 u - 4 scrolls of magic mapping {unknown}
 x - 2 scrolls of fog {unknown}
 J - a scroll of random uselessness {unknown}
 M - 2 scrolls of enchant armour {unknown}
Potions
 b - a potion of magic
 d - 3 potions of berserk rage
 f - 3 potions of cancellation
 g - 5 potions of lignification
 h - a potion of degeneration {unknown}
 i - a potion of brilliance {unknown}
 j - a potion of agility {unknown}
 m - 2 potions of might {unknown}
 r - 5 potions of heal wounds
 v - 2 potions of flight {unknown}
 A - a potion of haste {unknown}
 B - 3 potions of mutation {unknown}
 E - a potion of resistance {unknown}
 I - 2 potions of curing {unknown}
Comestibles
 c - 20 rations
 L - a chunk of flesh


   Skills:
 + Level 5.1 Fighting
 * Level 15.3 Axes
 + Level 11.7 Armour
 + Level 2.5 Dodging


You had 9 spell levels left.
You didn't know any spells.

Dungeon Overview and Level Annotations

Branches:
Dungeon (10/15)            Temple (0/1) D:5
   Lair: D:8-11         Orc: D:9-12

Altars:
Gozag
Trog

Shops:
D:6 (


Innate Abilities, Weirdness & Mutations

You reflexively headbutt those who attack you in melee.
You have a pair of horns on your head.


Message History

This raw flesh tastes great.
You now have 480 gold pieces (gained 16).
M - 2 scrolls labeled DORPHA TINURI You open the door.
There is an open door here.
You open the door.
A red ugly thing comes into view.
The red ugly thing gurgles horribly!
Found 20 stones.
There is an open door here.
You close the door.
A red ugly thing opens the door.
The red ugly thing trunk-slaps you but does no damage.
There is an open door here.
The red ugly thing trunk-slaps you.
You are engulfed in flames!!
* * * LOW HITPOINT WARNING * * *
There is a stone staircase leading up here.
The red ugly thing trunk-slaps you!
* * * LOW HITPOINT WARNING * * *
You are engulfed in flames!!
You die...

############ #######
...........# .......
...........###.......
(.........@#.'.......
..........u#.#.......
...........'.#....(..
...........#########+
.......)...#
#######)#### ####.#
#.# ####..(.# #.#
#....#### #.#


You could see a red ugly thing.

Vanquished Creatures
  A two-headed ogre (D:7)
  Pikel (D:7)
  The ghost of EggBaby the Conjurer, a novice OpCj (D:4)
  A tengu conjurer (D:9)
  A hippogriff (D:9)
  A meliai zombie (D:9)
  A vampire (D:10)
  A wyvern (D:8)
  A wraith (D:10)
  4 hogs (D:7)
  A human (D:7)
  Grum (D:8)
  2 water moccasins
  An orc warrior (D:6)
  A necrophage (D:7)
  2 ice beasts
  3 slaves (D:7)
  3 sky beasts
  4 ogres
  2 phantoms
  4 wolves (D:8)
  2 centaurs
  Blork the orc (D:6)
  4 bullfrogs
  4 scorpions
  11 killer bees
  3 howler monkeys (D:9)
  2 crimson imps (D:5)
  5 hounds
  A gnoll shaman (D:4)
  A jelly (D:6)
  6 orc priests
  9 orc wizards
  3 iguanas
  6 worker ants
  A hound skeleton (D:8)
  A howler monkey zombie (D:7)
  A howler monkey skeleton (D:9)
  11 gnolls
  9 adders
  4 shadow imps
  An adder zombie (D:6)
  An adder skeleton (D:5)
  2 worms
  5 leopard geckos
  25 orcs
  6 bats
  3 giant cockroaches
  8 goblins
  4 hobgoblins
  7 jackals
  3 quokkas
  2 ball pythons (D:2)
  12 frilled lizards
  8 kobolds
  5 rats
214 creatures vanquished.

Notes
Turn   | Place    | Note
-------+----------+-------------------------------------------
     0 | D:1      | nicolaieve the Minotaur Berserker began the quest for the Orb.
     0 | D:1      | Reached XP level 1. HP: 19/19 MP: 0/0
   317 | D:1      | Reached skill level 4 in Axes
   588 | D:1      | Reached XP level 2. HP: 27/27 MP: 1/1
   956 | D:2      | Reached skill level 5 in Axes
   956 | D:2      | Reached XP level 3. HP: 33/33 MP: 2/2
  1041 | D:2      | Reached ** piety under Trog
  1044 | D:2      | Reached skill level 6 in Axes
  1044 | D:2      | Reached XP level 4. HP: 40/40 MP: 3/3
  1065 | D:2      | Reached skill level 7 in Axes
  1065 | D:2      | Reached XP level 5. HP: 31/46 MP: 4/4
  1821 | D:3      | Found a faded altar of an unknown god.
  1915 | D:3      | Reached skill level 8 in Axes
  1950 | D:3      | Reached *** piety under Trog
  2099 | D:3      | Reached XP level 6. HP: 36/52 MP: 5/5
  2316 | D:4      | Reached skill level 9 in Axes
  2432 | D:4      | Reached XP level 7. HP: 40/58 MP: 6/6
  2574 | D:4      | Reached skill level 10 in Axes
  2637 | D:4      | Noticed EggBaby's ghost (novice OpCj)
  2650 | D:4      | Killed EggBaby's ghost
  3135 | D:5      | Entered Level 5 of the Dungeon
  3145 | D:5      | Reached skill level 11 in Axes
  3145 | D:5      | Reached XP level 8. HP: 33/66 MP: 7/7
  3166 | D:5      | Found a staircase to the Ecumenical Temple.
  3270 | D:5      | Reached skill level 5 in Armour
  3410 | D:5      | Reached **** piety under Trog
  3432 | D:5      | Reached skill level 12 in Axes
  3910 | D:6      | Reached XP level 9. HP: 38/71 MP: 8/8
  4168 | D:6      | Found Immif's Antique Weapon Boutique.
  4374 | D:6      | Noticed Blork the orc
  4390 | D:6      | Killed Blork the orc
  4802 | D:7      | Reached skill level 13 in Axes
  4859 | D:7      | Reached skill level 10 in Armour
  4900 | D:7      | Noticed a two-headed ogre
  4906 | D:7      | Killed a two-headed ogre
  4906 | D:7      | Reached XP level 10. HP: 53/79 MP: 9/9
  5048 | D:7      | Found a bloodstained altar of Trog.
  5060 | D:7      | Noticed Pikel
  5089 | D:7      | Killed Pikel
  5089 | D:7      | Reached skill level 14 in Axes
  5275 | D:7      | Found an opulent altar of Gozag.
  5376 | D:8      | Noticed Grum
  5391 | D:8      | Killed Grum
  5746 | D:8      | Reached ***** piety under Trog
  6121 | D:9      | Reached skill level 15 in Axes
  6218 | D:9      | Reached skill level 5 in Fighting
  6384 | D:10     | Entered Level 10 of the Dungeon
  6545 | D:10     | Noticed a red ugly thing
  6552 | D:10     | Demolished by a red ugly thing

Skill      XL: |  1  2  3  4  5  6  7  8  9 10 |
---------------+-------------------------------+-----
Axes           | 4 5 6 7 8 9 11 12 13 15 | 15.3
Fighting       | 4 5 |  5.1
Armour         | 3 7 10 11 | 11.7
Dodging        | |  2.5

Action                   |  1- 3 |  4- 6 |  7- 9 | 10-12 || total
-------------------------+-------+-------+-------+-------++-------
Melee: Hand axe          |    49 |   143 |   142 |       ||   334
       Headbutt          |     3 |    24 |    62 |    28 ||   117
       War axe           |       |       |   126 |   181 ||   307
Invok: Berserk           |     2 |     1 |     7 |     5 ||    15
       Trog's Hand       |       |       |     3 |       ||     3
       Burn Spellbooks   |       |       |       |     1 ||     1
  Use: Scroll            |       |       |     6 |       ||     6
  Eat: Chunk             |     1 |     7 |    11 |    25 ||    44
       Ration            |       |       |     1 |       ||     1
Armor: Scale mail        |    23 |    58 |    35 |       ||   116
       Animal skin       |     1 |       |       |       ||     1
       Chain mail        |       |       |    55 |   103 ||   158
Dodge: Dodged            |    38 |    80 |   101 |    65 ||   284
